Map: Forêt cybernétique EC

Players

Aquin - Winner!

  • Race: Terran Terran
  • League: Diamond
  • Spawn Location: 5:00

Sorandom

  • Race: Zerg Zerg
  • League: Diamond
  • Spawn Location: 11:00

VOD

Have the link to the VOD?

Description

Time

  • Played on: April 12, 2019, 11:30 p.m.
  • Length: 5:49
Show
View Real Time Build Order
Export as new Build Order

Aquin Terran - Winner!

Build Orders:  

Get SALT Encoding   

  12  0:02  SCV  
  13  0:16  SCV  
  13  0:20  Supply Depot  
  14  0:28  SCV  
  15  0:41  SCV  
  15  0:42  Barracks  
  16  0:53  SCV  
  17  0:58  Refinery  
  17  1:05  SCV  
  18  1:29  Orbital Command  
  18  1:34  Marine  
  19  1:42  Bunker  
  19  1:53  Bunker  
  19  1:54  Barracks Tech Lab  
  19  1:57  SCV  
  20  2:02  Supply Depot  
  20  2:09  SCV  
  20  2:12  Refinery  
  21  2:20  Marauder  
  22  2:26  SCV  
  23  2:32  Factory  
  23  2:38  SCV  
  24  2:46  Marauder  
  24  2:50  SCV  
  27  3:02  SCV  
  26  3:14  SCV  
  26  3:17  Command Center  
  26  3:19  Factory Tech Lab  
  27  3:26  SCV  
  28  3:28  Marauder  
  30  3:47  SCV  
  29  3:49  Marauder  
  31  4:04  Supply Depot, Concussive Shells  
  31  4:06  SCV  
  31  4:07  Siege Tank  
  33  4:18  SCV  
  31  4:30  Orbital Command  
  31  4:31  SCV  
  32  4:32  Bunker  
  32  4:33  Marauder  
  34  4:43  SCV  
  34  4:55  Marauder, SCV  
  34  4:56  Siege Tank  
  39  5:18  Starport  
  39  5:27  Bunker  
Show
View Real Time Build Order
Export as new Build Order

Sorandom Zerg 

Build Orders: Pool Only, Ravager All-In 

Get SALT Encoding   

  12  0:18  Spawning Pool  
  11  0:22  Drone  
  11  0:27  Drone  
  13  0:31  Drone  
  13  0:35  Extractor  
  13  0:39  Drone  
  14  0:42  Extractor  
  14  0:48  Drone  
  14  1:05  Roach Warren  
  13  1:13  Drone  
  13  1:17  Overlord  
  14  1:28  Overlord  
  14  1:46  Roach x2  
  18  1:51  Roach  
  20  2:07  Ravager x2  
  22  2:10  Roach  
  24  2:26  Roach x2  
  28  2:32  Roach  
  30  2:43  Overlord  
  30  3:02  Roach  
  29  3:07  Roach  
  29  3:15  Roach  
  29  3:17  Ravager  
  29  3:18  Ravager  
  33  3:26  Roach  
  35  3:38  Roach  
  30  3:51  Roach  
  30  3:55  Ravager  
  33  3:57  Ravager  
  23  4:26  Roach x3  
  23  4:31  Ravager  
  25  4:38  Roach  
  27  4:45  Ravager  
  28  4:48  Roach  
  30  5:07  Roach  
  30  5:10  Ravager  
  30  5:13  Ravager  
  34  5:18  Roach  
  36  5:25  Roach  
Tags
 
Add a new tag
Caveats
  • Supply blocks, unpowered buildings, or Contaminate may cause inaccurate times.
  • Supply counts are checked every 10 seconds.